AoeStats
← Juyhou

Black Forest

509946114Analyzed
4v4 RM · 4d ago on Sep 28, 2026· 38m 6s· 8 players
Game mode
Random Map
Map size
Large (8 player)
Population
200
Speed
Normal
Resources
Standard
Victory
Conquest
Starting age
Dark Age
Ending age
Imperial Age
RankedLock teamsTeams togetherTeam positionsShared explorationLock speedFull tech treeHidden civsTurbo modeCheats
Victory
Defeat
🇫🇮 Varangians · Finland
2091
+3
🇫🇮 Varangians · Finland
2013
+5
🇫🇮 Varangians · Finland
1904
+7
🇫🇮 Lithuanians · Finland
1657
+15
🇺🇸 Malay · United States
1789
-11
🇨🇿 Koreans · Czechia
1725
-8
🇮🇹 Italians · Italy
1644
-6
🇨🇳 Britons · China
1615
-5
Franczesco
10:50 Feudal Age
14:42 Castle Age
12:32 Horse Collar
12:44 Double-Bit Axe
16:38 Bow Saw
20:23 Wheelbarrow
21:33 Stone Mining
21:57 Gold Mining
23:26 Heavy Plow
23:27 Loom
24:00 Hand Cart
28:08 Imperial Age
26:19 Fletching
27:23 Gold Shaft Mining
27:13 Bodkin Arrow
29:49 Chemistry
28:54 Caravan
29:33 Bracer
30:57 Two-Man Saw
30:44 Town Watch
32:00 Ballistics
32:18 Elite War Wagon
35:05 Eupseong
36:07 Siege Engineers
GdR_Mark_Landers
10:35 Feudal Age
11:31 Loom
14:14 Castle Age
12:03 Double-Bit Axe
12:04 Horse Collar
15:46 Bow Saw
16:42 Wheelbarrow
18:49 Heavy Plow
20:45 Stone Mining
20:48 Gold Mining
26:54 Imperial Age
25:09 Stone Shaft Mining
25:34 Ballistics
25:09 Fletching
25:20 Padded Archer Armor
26:05 Caravan
26:14 Bodkin Arrow
27:13 Thumb Ring
26:50 Treadmill Crane
27:40 Leather Archer Armor
28:42 Chemistry
28:07 Bracer
29:38 Conscription
29:53 Ring Archer Armor
30:32 Two-Man Saw
30:05 Silk Road
33:15 Elite Genoese Crossbowman
Freidle
0:55 Loom
12:02 Feudal Age
13:10 Double-Bit Axe
16:57 Castle Age
15:53 Horse Collar
17:27 Heavy Plow
17:58 Bow Saw
22:04 Wheelbarrow
24:01 Gold Mining
29:15 Imperial Age
27:21 Scale Barding Armor
27:26 Forging
27:21 Devotion
27:17 Man-at-Arms
28:08 Forging
28:00 Squires
29:07 Conscription
28:29 Long Swordsman
29:40 Hand Cart
29:48 Hand Cart
30:06 Husbandry
29:31 Two-Handed Swordsman
31:28 Chemistry
31:22 Iron Casting
31:41 Forced Levy
33:11 Blast Furnace
32:51 Light Cavalry
32:54 Elite Battle Elephant
34:00 Arson
34:28 Siege Engineers
34:05 Treadmill Crane
34:46 Ballistics
34:36 Masonry
36:58 Fletching
Long-Long-Way
0:55 Loom
16:42 Feudal Age
20:15 Castle Age
18:37 Double-Bit Axe
18:39 Horse Collar
20:26 Fletching
21:49 Fletching
26:17 Bodkin Arrow
28:05 Wheelbarrow
29:30 Town Watch
31:48 Bow Saw
37:00 Imperial Age
Villese
10:57 Feudal Age
14:34 Castle Age
12:36 Double-Bit Axe
13:19 Horse Collar
15:38 Bow Saw
15:54 Heavy Plow
21:49 Wheelbarrow
22:09 Gold Mining
22:10 Stone Mining
22:56 Hand Cart
27:46 Imperial Age
25:04 Town Watch
25:05 Loom
25:56 Stone Shaft Mining
25:24 Scale Mail Armor
25:35 Forging
25:27 Treadmill Crane
26:04 Caravan
26:31 Chain Mail Armor
26:21 Squires
26:07 Arson
26:07 Gambesons
27:55 Iron Casting
27:49 Elite Varangian Guard
29:00 Plate Mail Armor
27:54 Gothikon
29:23 Conscription
30:11 Blast Furnace
30:21 Guilds
30:49 Coinage
31:16 Masonry
32:44 Two-Man Saw
31:39 Capped Ram
33:08 Banking
33:16 Siege Ram
34:58 Siege Engineers
Juyhou
10:36 Feudal Age
11:35 Double-Bit Axe
14:04 Castle Age
12:14 Horse Collar
14:47 Heavy Plow
15:01 Bow Saw
20:16 Wheelbarrow
21:37 Loom
22:01 Gold Mining
22:01 Stone Mining
24:48 Scale Mail Armor
24:58 Forging
27:49 Imperial Age
26:07 Chain Mail Armor
27:12 Iron Casting
27:18 Squires
27:04 Arson
27:04 Gambesons
27:27 Caravan
27:57 Hand Cart
29:03 Plate Mail Armor
29:33 Conscription
29:51 Gothikon
30:54 Elite Varangian Guard
32:53 Blast Furnace
35:08 Crop Rotation
37:46 Fletching
38:21 Ballistics
King-Arthur
6:12 Loom
11:25 Feudal Age
15:36 Castle Age
13:55 Double-Bit Axe
14:10 Horse Collar
16:37 Bow Saw
16:33 Horse Collar
19:57 Wheelbarrow
21:29 Town Watch
21:55 Heavy Plow
22:10 Stone Mining
23:14 Gold Mining
25:11 Town Patrol
26:07 Fortified Wall
29:38 Imperial Age
28:10 Padded Archer Armor
28:01 Fletching
28:35 Ballistics
27:52 Elite Skirmisher
29:40 Bodkin Arrow
30:00 Leather Archer Armor
31:23 Chemistry
30:34 Bracer
30:57 Conscription
31:19 Thumb Ring
32:21 Two-Man Saw
31:32 Tower Shields
32:25 Ring Archer Armor
33:17 Coinage
38:11 Masonry
37:57 Murder Holes
TheMax
2:00 Loom
14:18 Feudal Age
14:47 Horse Collar
14:57 Double-Bit Axe
17:49 Castle Age
18:48 Bow Saw
18:38 Heavy Plow
19:29 Wheelbarrow
22:07 Hand Cart
24:45 Caravan
24:58 Town Watch
25:30 Fortified Wall
25:37 Treadmill Crane
32:06 Imperial Age
29:58 Fletching
31:15 Town Patrol
32:34 Masonry
34:09 Two-Man Saw
33:33 Conscription
32:34 Gothikon
32:52 Onager
35:00 Siege Engineers
36:53 Crop Rotation
Connection lost

Rejoining the realm…

Still unreachable

The connection could not be restored.

Session expired

The server has moved on; the page needs a fresh start.